 Dungeon Crawl Stone Soup version 0.29.1-1-gd02db6906a (webtiles) character file.

Game seed: 11886130109578417331

72 RogueRain17 the Chopper (level 4, -5/32 (33) HPs)
             Began as a Demonspawn Gladiator on Sept 18, 2022.
             Slain by an orc
             ... wielding a +0 war axe
              (9 damage)
             ... on level 3 of the Dungeon.
             The game lasted 00:03:33 (2260 turns).

RogueRain17 the Chopper (Demonspawn Gladiator)      Turns: 2260, Time: 00:03:34

HP:   -5/32 (33)    AC:  7    Str: 17    XL:     4   Next: 7%
MP:   4/4           EV: 12    Int:  9    God:
Gold: 132           SH:  0    Dex: 14    Spells: 3/3 levels left

rFire   . . .      SeeInvis .   a - +0 war axe
rCold   . . .      Faith    .   (no shield)
rNeg    . . .      Spirit   .   b - +0 leather armour
rPois   .          Reflect  .   c - +0 helmet
rElec   .          Harm     .   (no cloak)
rCorr   .          Rampage  .   (no gloves)
Will    .....                   l - +0 pair of boots
Stlth   +.........              (no amulet)
HPRegen 1.10/turn               (no ring)
MPRegen 0.09/turn               (no ring)

@: lightly drained
A: icy blue scales 1, powered by death 1, demonic magic 1
a: no special abilities


You were on level 3 of the Dungeon.
You visited 1 branch of the dungeon, and saw 3 of its levels.

You collected 132 gold pieces.

Inventory:

Hand Weapons
 a - a +0 war axe (weapon)
Missiles
 d - 3 throwing nets (quivered)
 e - a javelin
Armour
 b - a +0 leather armour (worn)
 c - a +0 helmet (worn)
 l - a +0 pair of boots (worn)
Scrolls
 f - 2 scrolls of blinking {unknown}
 j - a scroll of fear {unknown}
 m - 3 scrolls of identify {unknown}
 n - 2 scrolls of vulnerability {unknown}
 o - a scroll of enchant weapon {unknown}
Potions
 g - 2 potions of curing {unknown}
 h - a potion of resistance {unknown}
 i - 2 potions of lignification {unknown}
 k - a potion of cancellation {unknown}


   Skills:
 - Level 2.0 Fighting
 * Level 4.0 Axes
 - Level 1.7 Throwing
 + Level 3.3 Dodging


You had 3 spell levels left.
You didn't know any spells.
Your spell library was empty.

Dungeon Overview and Level Annotations

Branches:
Dungeon (3/15)

Altars:

Shops:
D:2 (


Innate Abilities, Weirdness & Mutations

You are partially covered in icy blue scales. (AC +2)
You regenerate a little health from kills.
Spells you cast may paralyse adjacent enemies.


Message History

An orc is wielding a +0 mace and quivering boomerangs of dispersal.
The orc shouts!
The orc wizard casts a spell at you. The magic dart hits you.
The orc moves out of view.
You slash the orc wizard!
The orc wizard is heavily wounded.
The orc wizard hits you but does no damage.
You hit the orc wizard.
The orc wizard is almost dead.
You hit the orc.
The orc wizard hits you with a +0 dagger.
The orc barely misses you.
You hit the orc wizard.
The orc wizard is almost dead.
You hit the orc but do no damage. The orc wizard completely misses you.
The orc hits you but does no damage. x2
The orc wizard hits you but does no damage.
You miss the orc wizard.
The orc wizard is almost dead.
You barely miss the orc. You hit the orc but do no damage.
You completely miss the orc. The orc hits you with a +0 mace!
The orc wizard hits you with a +0 dagger.
The orc hits you with a +0 war axe. The orc barely misses you.
Unknown command.
You barely miss the orc wizard.
The orc wizard is almost dead.
You barely miss the orc. You closely miss the orc. x2
The orc hits you but does no damage.
The orc wizard gestures at you while chanting.
The magic dart hits you.
* * * LOW HITPOINT WARNING * * *
The orc hits you with a +0 war axe.
* * * LOW HITPOINT WARNING * * *
The orc hits you with a +0 dagger.
* * * LOW HITPOINT WARNING * * *
You hit the orc wizard.
You kill the orc wizard!
You hit the orc. You barely miss the orc. You hit the orc.
The orc hits you but does no damage. The orc hits you with a +0 war axe!
You die...

#.##.##
#.........#
#.##.#
#.........#
#.##.#
####.######
##....#
#...#
####...#.#
#.###
##.....##.#
#.#
...#...##.#
#.#
.##..####.#
##.# .#.+##
#.. #o@#
...# ##.
#ooo..#
..## .
#..#### #.#
...# #..#
..### #.#
... ## ..#.
##.#.


You could see 4 orcs.

Vanquished Creatures
  An orc wizard (D:3)
  3 adders (D:2)
  2 worms (D:2)
  A dart slug (D:1)
  An orc (D:3)
  5 bats
  4 endoplasms
  2 giant cockroaches (D:2)
  3 goblins
  5 hobgoblins
  3 kobolds
  4 ball pythons
  A frilled lizard (D:1)
  3 rats
38 creatures vanquished.

Vanquished Creatures (others)
  A fungus (D:1)
1 creature vanquished.

Grand Total: 39 creatures vanquished

Notes
Turn   | Place    | Note
-------+----------+-------------------------------------------
     0 | D:1      | RogueRain17 the Demonspawn Gladiator began the quest for
                  | the Orb.
     0 | D:1      | Reached XP level 1. HP: 16/16 MP: 1/1
   103 | D:1      | Found a faded altar of an unknown god.
   108 | D:1      | Reached skill level 3 in Axes
   193 | D:1      | Gained mutation: Spells you cast may paralyse adjacent
                  | enemies. [demonic ancestry]
   193 | D:1      | Reached XP level 2. HP: 22/22 MP: 2/2
   732 | D:2      | Gained mutation: You regenerate a little health from kills.
                  | [demonic ancestry]
   732 | D:2      | Reached XP level 3. HP: 4/27 MP: 3/3
  1756 | D:2      | Reached skill level 4 in Axes
  1954 | D:2      | Gained mutation: You are partially covered in icy blue
                  | scales. (AC +2) [demonic ancestry]
  1954 | D:2      | Reached XP level 4. HP: 33/33 MP: 4/4
  1978 | D:2      | Found Ilom's Weapon Shoppe.
  2260 | D:3      | Slain by an orc

Illustrated notes

Levels and vault maps discovered:
D:1:      mrwooster_arrival_statue, layout_loops_ring,
          dreamdust_ecumenical_altar_grove, chequers_serial_rivers_micro_a,
          nrook_mini_backslash, minivault_4
D:2:      layout_basic, serial_shops, nicolae_shop_window_shopping
D:3:      layout_rooms, pdpol_temple_overflow_zin_treasury_gozag_greed,
          serial_rivers, chequers_serial_rivers_micro_b,
          chequers_serial_rivers_marsh, chequers_serial_rivers_micro_e,
          chequers_serial_rivers_room_a, chequers_serial_rivers_micro_d,
          minmay_hedge_maze

Skill      XL: |  1  2  3 |
---------------+----------+-----
Axes           | 3 4 |  4.0
Dodging        | 3 |  3.3
Fighting       | |  2.0
Throwing       | |  1.7

Action                   |  1- 3 |  4- 6 || total
-------------------------+-------+-------++-------
Melee: War axe           |   106 |    13 ||   119
       Punch             |     1 |       ||     1
 Stab: Sleeping          |     1 |       ||     1
Armor: Leather armour    |    45 |     8 ||    53
Dodge: Dodged            |    81 |     9 ||    90
